 Dungeon Crawl Stone Soup version 0.28.0-43-g3370ac3207 (console) character file.

Game seed: 3348944246571494005

68 Zeor the Insei (level 4, -1/28 HPs)
             Began as a Djinni Transmuter on Mar 28, 2022.
             Slain by a gnoll
             ... wielding a +0 spear
              (2 damage)
             ... on level 2 of the Dungeon.
             The game lasted 00:02:46 (1092 turns).

Zeor the Insei (Djinni Transmuter)                  Turns: 1092, Time: 00:02:47

Health: -1/28      AC:  2    Str:  9    XL:     4   Next: 41%
Gold:   18         EV: 12    Int: 17    God:
                   SH:  0    Dex: 13

rFire   + + .      SeeInvis .     - Unarmed
rCold   x . .      Faith    .   (no shield)
rNeg    . . .      Spirit   .   a - +0 robe
rPois   ∞          Reflect  .   (no helmet)
rElec   .          Harm     .   (no cloak)
rCorr   .          Rampage  .   (no gloves)
Will    +....                   (boots unavailable)
Stlth   +.........              (no amulet)
HPRegen 0.09/turn               (no ring)
MPRegen 0.00/turn               (no ring)

@: flying
A: sickness immunity, fire resistance 2, cold vulnerability 1, float, innate
caster, HP casting, extra vitality 1, frail 1, strong-willed 1
a: no special abilities


You were on level 2 of the Dungeon.
You visited 1 branch of the dungeon, and saw 2 of its levels.

You collected 48 gold pieces.
You spent 30 gold pieces at shops.

Inventory:

Hand Weapons
 d - a +0 short sword
Armour
 a - a +0 robe (worn)
Wands
 e - a wand of paralysis (4)
Scrolls
 b - a scroll of acquirement {unknown}


   Skills:
 + Level 1.1 Fighting
 + Level 2.6 Dodging
 + Level 0.1 Stealth
 + Level 3.8 Unarmed Combat
 * Level 2.4 Spellcasting


You couldn't memorise any spells.
You knew the following spells:

 Your Spells              Type           Power      Damage    Failure   Level
a - Beastly Appendage     Tmut           20%        N/A       7%          1
b - Wereblood             Tmut           10%        N/A       10%         2
c - Spider Form           Tmut/Pois      10%        N/A       21%         3
d - Ice Form              Ice/Tmut       10%        N/A       54%         4
e - Summon Small Mammal   Summ           40%        N/A       7%          1
Your spell library was empty.

Dungeon Overview and Level Annotations

Branches:
Dungeon (2/15)

Altars:

Shops:
D:2 !


Innate Abilities, Weirdness & Mutations

You are immune to sickness and miasma.
You are immune to poison.
Your flesh is very heat resistant. (rF++)
You are vulnerable to cold. (rC-)
You float through the air rather than walking.
You learn spells naturally, not from books.
Your magical power is your life essence.
You have superior vitality. (+4 MHP)
You are frail. (-10% HP)
You are strong-willed. (Will+)


Message History

Jessica seems to speed up.
You barely miss Jessica. You headbutt Jessica.
You kill Jessica!
You have reached level 4!
You feel clever.
A gnoll comes into view. It is wielding a +0 club.
Found an escape hatch in the floor.
The gnoll shouts!
A gnoll comes into view. It is wielding a +0 spear.
Things that are here:
a +0 dagger; a +0 robe; a glowing emerald potion
g - a glowing emerald potion The gnoll barely misses you.
The gnoll hits you with a +0 spear.
You hit the gnoll. Your headbutt misses the gnoll.
The gnoll is lightly wounded.
The gnoll hits you with a +0 spear.
You hit the gnoll.
The gnoll is moderately wounded.
The gnoll hits you with a +0 spear.
You barely miss the gnoll.
The gnoll is moderately wounded.
Your horns disappear.
The gnoll shouts!
The gnoll hits you with a +0 club. The gnoll barely misses you.
It was a potion of mutation.
You feel extremely strange.
You feel frail.
You feel strong-willed. The gnoll closely misses you.
The gnoll hits you with a +0 spear.
* * * LOW HITPOINT WARNING * * *
It was a potion of cancellation.
You feel magically purged. The gnoll barely misses you.
The gnoll closely misses you.
The gnoll hits you from afar with a +0 spear.
* * * LOW HITPOINT WARNING * * *
You feel better. The gnoll hits you with a +0 club.
The gnoll hits you with a +0 spear.
* * * LOW HITPOINT WARNING * * *
The gnoll hits you from afar with a +0 spear.
* * * LOW HITPOINT WARNING * * *
The gnoll hits you with a +0 spear.
You die... ▒▒ ▒▒▒ ▒▒∙▒▒ ▒ ▒▒∙∙∙▒ ▒∙ ▒▒▒▒▒▒▒▒▒ ▒∙∙∙∙∙ ▒▒▒∙∙ ∙∙∙∙∙)∙∙▒▒▒▒▒∙∙∙▒ ∙∙∙∙∙g▒▒▒▒▒▒▒▒▒∙▒▒∙∙∙∙∙∙∙ ∙∙∙∙∙∙∙gR)∙∙∙∙∙∙∙∙∙∙∙∙∙∙∙

▒▒▒▒▒∙▒▒g▒▒▒▒▒▒∙∙∙∙∙∙∙∙∙∙
∙∙ ▒∙▒ ▒∙∙▒▒∙▒∙∙∙▒ ∙∙▒
▒∙▒ ▒∙∙∙∙∙∙∙∙∙▒ ∙∙ ∙>▒
▒▒†▒▒∙▒∙∙∙▒ ▒ ▒▒▒
▒∙▒▒∙▒▒▒▒▒ ▒▒∙▒▒∙▒
▒▒▒∙∙∙▒∙▒▒ ▒∙∙∙▒∙∙∙∙▒▒▒▒


You could see 3 gnolls.

Vanquished Creatures
  Jessica (D:2)
  3 adders (D:2)
  A giant cockroach (D:1)
  A goblin (D:2)
  3 hobgoblins
  3 ball pythons
  3 bats
  2 kobolds
  A rat (D:2)
18 creatures vanquished.

Notes
Turn   | Place    | Note
-------+----------+-------------------------------------------
     0 | D:1      | Zeor the Djinni Transmuter began the quest for the Orb.
     0 | D:1      | Reached XP level 1. HP: 17/17 MP: 0/0
   426 | D:1      | Reached XP level 2. HP: 21/22 MP: 0/0
   453 | D:1      | Found a faded altar of an unknown god.
   887 | D:2      | Found Pisut's Distillery.
   895 | D:2      | Bought a potion of curing for 30 gold pieces
   914 | D:2      | Reached XP level 3. HP: 25/27 MP: 0/0
   914 | D:2      | Learned a level 1 spell: Summon Small Mammal
  1071 | D:2      | Noticed Jessica
  1081 | D:2      | Killed Jessica
  1082 | D:2      | Reached XP level 4. HP: 27/32 MP: 0/0
  1089 | D:2      | Gained mutation: You are frail. (-10% HP) [potion of
                  | mutation]
  1089 | D:2      | Gained mutation: You are strong-willed. (Will+) [potion of
                  | mutation]
  1091 | D:2      | HP: 1/28 [gnoll/+0 spear (6)]
  1092 | D:2      | Slain by a gnoll

Illustrated notes

Levels and vault maps discovered:
D:1:      heliophobic_arrival_glass_houses, layout_rooms,
          ebering_ecumenical_altar_box, minivault_23, hex_intersection
D:2:      layout_loops_ring, serial_shops, nicolae_shop_hallway_stairs,
          kennysheep_minor_cross, minmay_misc_feat_pillars, uniq_jessica,
          uniq_crazy_yiuf_cottage

Skill      XL: |  1  2 |
---------------+-------+-----
Spellcasting   | 2 |  2.4
Fighting       | |  1.1
Dodging        | |  2.6
Stealth        | |  0.1
Unarmed Combat | |  3.8

Action                   |  1- 3 |  4- 6 || total
-------------------------+-------+-------++-------
Melee: Unarmed           |    61 |     3 ||    64
       Headbutt          |    11 |       ||    11
 Cast: Beastly Appendage |    11 |       ||    11
  Use: Potion            |       |     3 ||     3
Armor: Robe              |    10 |       ||    10
Dodge: Dodged            |    39 |     5 ||    44
